[Event "FIDE World Chess Grand Prix 2017"]
[Site "Sharjah"]
[Date "2017.02.25"]
[Round "7"]
[White "Li, Chao b"]
[Black "Eljanov, Pavel"]
[Result "1-0"]
[ECO "E12"]
[WhiteElo "2720"]
[BlackElo "2759"]
[Annotator ""]
[PlyCount "91"]
[EventDate "2017.??.??"]
[EventType "swiss"]
[EventCountry "UAE"]
[SourceTitle "playchess.com"]
[Source "ChessBase"]
[SourceQuality "1"]
[TimeControl "40/6000+30:20/3000+30:900+30"]

1. d4 {(0)} Nf6 {(7)} 2. c4 {(0)} e6 {(
00:05)} 3. Nf3 {(0)} b6 {(6)} 4. a3 {(16)} Bb7
{(16)} 5. Nc3 {(9)} d5 {(8)} 6. cxd5 {(
00:21)} Nxd5 {(5)} 7. e3 {(13)} Be7 {(11)} 8.
Bb5+ {(3:01)} c6 {(5)} 9. Bd3 {(9)} c5 {(
00:45)} 10. O-O {(3:26)} cxd4 {(5:01)} 11. exd4 {(1:49]
} Nd7 {(12:18)} 12. Qe2 {(1:36)} O-O {(37)} 13. Ne4 {
(00:44)} N5f6 {(20:49)} 14. Nc3 {(1:32)} Qc7 {(11:
06)} 15. Bg5 {(29:35)} h6 {(9:21)} 16. Bh4 {(1:40)} Qf4
{(1:50)} 17. Bg3 {(3:16)} Qg4 {(4)} 18. Ba6 {
(10:20)} Bxa6 {(11:23)} 19. Qxa6 {(7)} Qf5 {(
00:46)} 20. Rac1 {(3:22)} Qa5 {(1:40)} 21. Qb7 {(5:31)}
Rfe8 {(29)} 22. Nd2 {(4:47)} Bf8 {(4:31)} 23. h3 {
(12:54)} Qf5 {(8:03)} 24. Nc4 {(37)} a6 {(4:
44)} 25. Rfd1 {(10:40)} b5 {(15)} 26. Ne3 {(13)} Qh5
{(2:47)} 27. Bc7 {(2:58)} Qg6 {(2:25)} 28. b4 {(
01:44)} Nh5 {(6:43)} 29. Ne2 {(1:58)} Ndf6 {(1:43)} 30.
Rc6 {(1:59)} Qg5 {(55)} 31. Be5 {(1:47)} a5 {(
01:49)} 32. Qxb5 {(5:16)} axb4 {(7)} 33. axb4 {(
02)} Ra2 {(17)} 34. Rc2 {(55)} Rea8 {(1:00)} 35.
Rxa2 {(48)} Rxa2 {(3)} 36. Qc4 {(2:20)} Rb2 {
(01:09)} 37. b5 {(18)} Nd5 {(38)} 38. Nxd5 {(
00:35)} exd5 {(4)} 39. Qd3 {(3)} Qg6 {(4:28)} 40.
Qxg6 {(0)} fxg6 {(2)} 41. Nc3 {(2:47)} Rb3 {
(01:16)} 42. Rc1 {(11:20)} Ba3 {(3:35)} 43. Rb1 {(
03:46)} Rxc3 {(39)} 44. b6 {(16)} Nf6 {(6)} 45.
b7 {(8)} Nd7 {(4)} 46. Rb5 {(23)} 1-0

[Event "FIDE World Chess Grand Prix 2017"]
[Site "Sharjah"]
[Date "2017.02.25"]
[Round "7"]
[White "Mamedyarov, Shakhriyar"]
[Black "Nepomniachtchi, Ian"]
[Result "1/2-1/2"]
[ECO "D80"]
[WhiteElo "2766"]
[BlackElo "2749"]
[Annotator ""]
[PlyCount "28"]
[EventDate "2017.??.??"]
[EventType "swiss"]
[EventCountry "UAE"]
[SourceTitle "playchess.com"]
[Source "ChessBase"]
[SourceQuality "1"]
[TimeControl "40/6000+30:20/3000+30:900+30"]

1. d4 {(0)} Nf6 {(10)} 2. c4 {(0)} g6 {(
00:06)} 3. Nc3 {(0)} d5 {(8)} 4. Bg5 {(4)} Bg7
{(18)} 5. Bxf6 {(13)} Bxf6 {(9)} 6. cxd5 {
(00:05)} c5 {(15)} 7. dxc5 {(15)} Nd7 {(
31)} 8. e3 {(6)} O-O {(22)} 9. Bc4 {(6)} Nxc5 {
(00:37)} 10. Nge2 {(8)} Qb6 {(2:06)} 11. Qd2 {
(18:04)} Bf5 {(11:27)} 12. Nd4 {(12:18)} Rac8 {(
40)} 13. O-O {(28:17)} Ne4 {(6:14)} 14. Qe2 {(6:14)}
Bxd4 {(21:22)} 1/2-1/2

[Event "FIDE World Chess Grand Prix 2017"]
[Site "Sharjah"]
[Date "2017.02.25"]
[Round "7"]
[White "Rapport, Richard"]
[Black "Aronian, Levon"]
[Result "1/2-1/2"]
[ECO "C77"]
[WhiteElo "2692"]
[BlackElo "2785"]
[Annotator ""]
[PlyCount "46"]
[EventDate "2017.??.??"]
[EventType "swiss"]
[EventCountry "UAE"]
[SourceTitle "playchess.com"]
[Source "ChessBase"]
[SourceQuality "1"]
[TimeControl "40/6000+30:20/3000+30:900+30"]

1. e4 {(0)} e5 {(7)} 2. Nf3 {(0)} Nc6 {
(00:06)} 3. Bb5 {(0)} a6 {(9)} 4. Ba4 {(
00)} Nf6 {(6)} 5. Nc3 {(0)} b5 {(36)} 6. Bb3 {
(00:04)} Be7 {(8)} 7. d3 {(28)} d6 {(41)}
8. a3 {(13)} O-O {(2:07)} 9. Nd5 {(27)} Na5 {
(00:38)} 10. Ba2 {(3:26)} Nxd5 {(3:41)} 11. Bxd5 {
(00:29)} c6 {(7)} 12. Ba2 {(3)} Bf6 {(3:
03)} 13. O-O {(5:36)} Re8 {(2:54)} 14. b4 {(12:07)} Nb7
{(7)} 15. c4 {(1:36)} Be6 {(5:34)} 16. Bb2 {(
10:02)} c5 {(1:29)} 17. Bc3 {(5:54)} Qd7 {(2:54)} 18.
cxb5 {(2:25)} axb5 {(47)} 19. Bxe6 {(6)} Qxe6 {
(02:32)} 20. a4 {(28)} Qd7 {(4:21)} 21. axb5 {(
05:56)} Rxa1 {(38)} 22. Qxa1 {(1:38)} Qxb5 {(35)}
23. Qb1 {(10)} Rb8 {(7:09)} 1/2-1/2

[Event "FIDE World Chess Grand Prix 2017"]
[Site "Sharjah"]
[Date "2017.02.25"]
[Round "7"]
[White "Tomashevsky, Evgeny"]
[Black "Hammer, Jon Ludvig"]
[Result "1/2-1/2"]
[ECO "E06"]
[WhiteElo "2711"]
[BlackElo "2628"]
[Annotator ""]
[PlyCount "66"]
[EventDate "2017.??.??"]
[EventType "swiss"]
[EventCountry "UAE"]
[SourceTitle "playchess.com"]
[Source "ChessBase"]
[SourceQuality "1"]
[TimeControl "40/6000+30:20/3000+30:900+30"]

1. d4 {(0)} Nf6 {(8)} 2. c4 {(0)} e6 {(
00:07)} 3. g3 {(0)} d5 {(1:01)} 4. Bg2 {(7)} Be7
{(11)} 5. Nf3 {(25)} O-O {(14)} 6. O-O {(
00:36)} dxc4 {(19)} 7. Qc2 {(9)} a6 {(1:39)} 8. a4
{(17)} Bd7 {(13)} 9. Qxc4 {(49)} Bc6 {(
09)} 10. Bg5 {(43)} Bd5 {(5:46)} 11. Qc2 {(2:24)} Be4
{(12)} 12. Qc1 {(48)} h6 {(28)} 13. Bxf6 {
(13:42)} Bxf6 {(35)} 14. Rd1 {(5:08)} a5 {(2:
28)} 15. Nbd2 {(3:05)} Bxf3 {(37)} 16. Bxf3 {(29)}
c6 {(44)} 17. Nc4 {(5:13)} Na6 {(35)} 18. Qf4 {
(03:55)} Nb4 {(44)} 19. e3 {(1:22)} Qe7 {(9:
17)} 20. h4 {(11:48)} Rfd8 {(47)} 21. h5 {(16:44)} Bg5
{(9:51)} 22. Qg4 {(1:19)} c5 {(16:12)} 23. dxc5 {
(04:31)} Nd3 {(6:43)} 24. Nb6 {(14:23)} Rab8 {(6:
42)} 25. Be2 {(9:13)} Ne5 {(7:36)} 26. Qe4 {(40)}
Qxc5 {(24)} 27. Nc4 {(1:42)} Nxc4 {(47)} 28. Qxc4 {
(00:58)} Qxc4 {(22)} 29. Bxc4 {(17)} Bf6 {(
00:28)} 30. Rxd8+ {(4:17)} Rxd8 {(6)} 31. Ra3 {(
05)} Rd2 {(7:23)} 32. Rb3 {(14)} Rxb2 {(8)} 33.
Rxb2 {(6)} Bxb2 1/2-1/2

[Event "FIDE World Chess Grand Prix 2017"]
[Site "Sharjah"]
[Date "2017.02.25"]
[Round "7"]
[White "Vachier-Lagrave, Maxime"]
[Black "Jakovenko, Dmitry"]
[Result "1/2-1/2"]
[ECO "C67"]
[WhiteElo "2796"]
[BlackElo "2709"]
[Annotator ""]
[PlyCount "42"]
[EventDate "2017.??.??"]
[EventType "swiss"]
[EventCountry "UAE"]
[SourceTitle "playchess.com"]
[Source "ChessBase"]
[SourceQuality "1"]
[TimeControl "40/6000+30:20/3000+30:900+30"]

1. e4 {(0)} e5 {(14)} 2. Nf3 {(0)} Nc6 {
(00:03)} 3. Bb5 {(0)} Nf6 {(4)} 4. O-O {(
00:00)} Nxe4 {(4)} 5. d4 {(0)} Nd6 {(5)} 6.
Bxc6 {(0)} dxc6 {(4)} 7. dxe5 {(0)} Nf5 {
(00:05)} 8. Qxd8+ {(0)} Kxd8 {(3)} 9. h3 {(
00:02)} Ne7 {(3)} 10. Rd1+ {(41)} Ke8 {(5:09)} 11.
Nc3 {(2)} Ng6 {(2:12)} 12. Nd4 {(4:33)} Bd7 {
(15:36)} 13. f4 {(7:34)} Be7 {(6:40)} 14. Be3 {(
13:07)} h5 {(27)} 15. Rd2 {(50)} Rd8 {(10:09)} 16.
Re1 {(4:37)} Bc8 {(2:43)} 17. Ne4 {(7)} a6 {(
06:23)} 18. Red1 {(11:20)} Nh4 {(6:07)} 19. Bf2 {(5:05)}
Ng6 {(5:16)} 20. Be3 {(30)} Nh4 {(4)} 21. Bf2 {
(00:41)} Ng6 {(5)} 1/2-1/2

[Event "FIDE World Chess Grand Prix 2017"]
[Site "Sharjah"]
[Date "2017.02.25"]
[Round "7"]
[White "Vallejo Pons, Francisco"]
[Black "Hou, Yifan"]
[Result "1/2-1/2"]
[ECO "C65"]
[WhiteElo "2709"]
[BlackElo "2651"]
[Annotator ""]
[PlyCount "41"]
[EventDate "2017.??.??"]
[EventType "swiss"]
[EventCountry "UAE"]
[SourceTitle "playchess.com"]
[Source "ChessBase"]
[SourceQuality "1"]
[TimeControl "40/6000+30:20/3000+30:900+30"]

1. e4 {(0)} e5 {(6)} 2. Nf3 {(0)} Nc6 {
(00:04)} 3. Bb5 {(3)} Nf6 {(1:05)} 4. d3 {(4:
59)} Bc5 {(18)} 5. Nbd2 {(4:42)} O-O {(6:49)} 6. Bxc6
{(4:16)} dxc6 {(7)} 7. Nc4 {(2:06)} Re8 {(1:
39)} 8. Bg5 {(8:03)} b5 {(17:52)} 9. Ne3 {(27:34)} Qd6 {
(10:55)} 10. Nd2 {(5:51)} Bd4 {(4:40)} 11. Rb1 {(
02:56)} h6 {(9)} 12. Bh4 {(3:45)} Bxe3 {(4:49)} 13.
fxe3 {(4)} Bg4 {(5)} 14. Nf3 {(1:27)} Nd7 {
(01:50)} 15. b3 {(7:39)} c5 {(9:37)} 16. h3 {(3:
55)} Be6 {(4:10)} 17. c4 {(3:41)} a6 {(1:33)} 18. O-O {
(00:46)} f6 {(3:21)} 19. Bg3 {(2:24)} Qc6 {(
15)} 20. Qc2 {(1:25)} Bf7 {(4:50)} 21. Kh2 1/2-1/2

[Event "FIDE World Chess Grand Prix 2017"]
[Site "Sharjah"]
[Date "2017.02.26"]
[Round "8"]
[White "Aronian, Levon"]
[Black "Nakamura, Hikaru"]
[Result "1/2-1/2"]
[ECO "D37"]
[WhiteElo "2785"]
[BlackElo "2785"]
[Annotator ""]
[PlyCount "106"]
[EventDate "2017.??.??"]
[EventType "swiss"]
[EventCountry "UAE"]
[SourceTitle "playchess.com"]
[Source "ChessBase"]
[SourceQuality "1"]
[TimeControl "40/6000+30:20/3000+30:900+30"]

1. d4 Nf6 2. c4 e6 3. Nf3 d5 4. Nc3 Be7 5. Bf4 O-O 6. e3 c5 7. dxc5 Bxc5 8. a3
Nc6 9. Bd3 dxc4 10. Bxc4 Qxd1+ 11. Rxd1 b6 12. g4 Bb7 13. g5 Nh5 14. Bd6 Nd4
15. Nxd4 Bxd6 16. O-O Rfc8 17. Be2 g6 18. Nxe6 Bxa3 19. bxa3 Rxc3 20. Nd8 Be4
21. Rd4 Rc5 22. Nxf7 Kxf7 23. Rxe4 Rxg5+ 24. Kh1 Rc8 25. h4 Rgc5 26. Bxh5 Rxh5
27. Rd1 Rc7 28. Kg2 Rhc5 29. Kg3 Rb7 30. Rd8 b5 31. Rf4+ Kg7 {(1:30:43)}
32. Rfd4 {(1:05:26)} Rcc7 33. R8d5 {(1:28)} Rf7 {(4:11)}
34. h5 {(4:24)} a5 {(1:53)} 35. a4 {(2:10)} Rf5 {
(6:25)} 36. Rxf5 {(1:39)} gxf5 {(7)} 37. axb5 {
(5)} Rxb5 {(8)} 38. Rd7+ {(3:03)} Kh6 {(
06:57)} 39. Kh4 {(7)} Rb2 {(10)} 40. Rd6+ {(0)}
Kg7 {(4)} 41. f4 {(19:04)} h6 {(3:33)} 42. Rd5 {
(9:36)} Kf6 {(15:15)} 43. Rxa5 {(45)} Rg2 {(
04)} 44. Kh3 {(7:04)} Rg1 {(9)} 45. Kh2 {(6)} Rg4
{(46)} 46. Rb5 {(54)} Rh4+ {(4:39)} 47. Kg2 {
(6)} Rg4+ {(22)} 48. Kf3 {(5)} Rh4 {(
06)} 49. e4 {(4:06)} fxe4+ {(11)} 50. Kxe4 {(12)}
Rh1 {(6)} 51. Kf3 {(5:57)} Rf1+ {(41)} 52. Kg3 {
(7)} Rg1+ {(16)} 53. Kf2 {(5)} Ra1 {(
28)} 1/2-1/2

[Event "FIDE World Chess Grand Prix 2017"]
[Site "Sharjah"]
[Date "2017.02.26"]
[Round "8"]
[White "Grischuk, Alexander"]
[Black "Mamedyarov, Shakhriyar"]
[Result "1-0"]
[ECO "D42"]
[WhiteElo "2742"]
[BlackElo "2766"]
[Annotator ""]
[PlyCount "100"]
[EventDate "2017.??.??"]
[EventType "swiss"]
[EventCountry "UAE"]
[SourceTitle "playchess.com"]
[Source "ChessBase"]
[SourceQuality "1"]
[TimeControl "40/6000+30:20/3000+30:900+30"]

1. d4 Nf6 2. c4 e6 3. Nf3 d5 4. Nc3 c5 5. e3 Nc6 6. cxd5 Nxd5 7. Bd3 cxd4 8.
exd4 Bb4 9. O-O O-O 10. Bc2 Bd7 11. a3 Bxc3 12. Qd3 f5 13. bxc3 b5 14. a4 a6
15. Re1 Qc7 16. Ng5 Qd6 17. Qd2 h6 {(1:19:40)} 18. Nf3 {(1:25:22)}
Rfc8 {(32)} 19. Ba3 {(6:58)} Qf4 {(33)} 20. Qxf4 {
(11)} Nxf4 {(2)} 21. Bc5 {(14)} Na5 {(9:
37)} 22. Ne5 {(4:12)} Be8 {(6)} 23. g3 {(4:32)} Nd5
{(31)} 24. Ra3 {(12)} bxa4 {(6:47)} 25. c4 {
(1:39)} Nf6 {(7)} 26. Bxa4 {(25)} Bxa4 {(
00:29)} 27. Rxa4 {(3)} Nc6 {(12)} 28. Nd3 {(5:53)}
Ne4 {(5:06)} 29. Bb6 {(3)} Rcb8 {(2:14)} 30. c5 {
(3)} Kf7 {(3:56)} 31. Rea1 {(1:03)} Nc3 {(3:
10)} 32. Rxa6 {(11)} Rxa6 {(1)} 33. Rxa6 {(7)}
Ne2+ {(45)} 34. Kg2 {(25)} Nexd4 {(8)} 35. Bc7 {
(31)} Rc8 {(58)} 36. Bd6 {(1:14)} g5 {(
25)} 37. f4 {(3:06)} gxf4 {(2:05)} 38. gxf4 {(47)}
Ke8 {(1:05)} 39. Rb6 {(1:40)} Ra8 {(26)} 40. Ne5 {
(0)} Ra2+ {(56)} 41. Kg3 {(16:46)} Ra3+ {(
00:23)} 42. Kg2 {(23)} Ra2+ {(6)} 43. Kg3 {(3)}
Ra3+ {(5)} 44. Kh4 {(7:48)} Nxe5 {(22)} 45. Bxe5 {
(8)} Nf3+ {(4)} 46. Kh5 {(3)} Nxe5 {(
00:06)} 47. fxe5 {(4)} Kd7 {(4:36)} 48. Kg6 {(7:20)}
f4 {(17:24)} 49. Rd6+ {(12:41)} Ke7 {(18)} 50. c6 {
(8)} f3 {(16:07)} 1-0

[Event "FIDE World Chess Grand Prix 2017"]
[Site "Sharjah"]
[Date "2017.02.26"]
[Round "8"]
[White "Hammer, Jon Ludvig"]
[Black "Eljanov, Pavel"]
[Result "0-1"]
[ECO "E18"]
[WhiteElo "2628"]
[BlackElo "2759"]
[Annotator ""]
[PlyCount "104"]
[EventDate "2017.??.??"]
[EventType "swiss"]
[EventCountry "UAE"]
[SourceTitle "playchess.com"]
[Source "ChessBase"]
[SourceQuality "1"]
[TimeControl "40/6000+30:20/3000+30:900+30"]

1. d4 Nf6 2. c4 e6 3. Nf3 b6 4. g3 Bb7 5. Bg2 Be7 6. O-O O-O 7. Nc3 Ne4 8. Bd2
Bf6 9. Ne5 Nxc3 10. Bxc3 Bxg2 11. Kxg2 c5 12. Ng4 Bxd4 13. Bxd4 cxd4 14. Qxd4
Nc6 15. Qd6 Qg5 16. Ne3 Rfd8 17. Rad1 Qc5 18. a3 a5 19. b3 Rab8 20. a4 Nb4 21.
Rd2 Qxd6 22. Rxd6 Kf8 23. Rfd1 Ke7 24. g4 Na6 25. R6d3 Nc5 26. Rc3 h5 27. h3
Rh8 28. f3 {(1:35:14)} Rbc8 29. Nc2 hxg4 {(1:04:33)} 30. hxg4 {
(1:02)} Rh6 {(9)} 31. Rh1 {(11)} Rxh1 {(
06)} 32. Kxh1 {(2)} Rc6 {(2:19)} 33. Kg2 {(16:46)}
Rd6 {(8)} 34. Kf2 {(6)} Rd1 {(16)} 35. b4 {
(3:35)} axb4 {(1:00)} 36. Nxb4 {(4)} Ra1 {(
01:24)} 37. Nd3 {(10)} Rxa4 {(17)} 38. Nxc5 {(1:11]
} bxc5 {(5)} 39. Ke3 {(38)} Kd6 {(3:58)} 40. Rc1 {
(0)} g5 {(1:20)} 41. Ke4 {(6:11)} f6 {(4:06]
} 42. f4 {(2:35)} gxf4 {(7:17)} 43. Kxf4 {(7)} Ke7 {
(5)} 44. Kf3 {(4:22)} e5 {(52)} 45. e3 {(
08:41)} Ke6 {(20)} 46. Rh1 {(7:55)} Rxc4 {(42)} 47.
Rh6 {(6)} Rc1 {(1:14)} 48. Kf2 {(11)} Rc2+ {
(3:25)} 49. Kf3 {(16)} d5 {(15)} 50. g5 {(
00:05)} e4+ {(9)} 51. Kg3 {(5)} Re2 {(3:30)} 52.
Rxf6+ {(6)} Ke5 {(4)} 0-1

[Event "FIDE World Chess Grand Prix 2017"]
[Site "Sharjah"]
[Date "2017.02.26"]
[Round "8"]
[White "Hou, Yifan"]
[Black "Rapport, Richard"]
[Result "1/2-1/2"]
[ECO "B19"]
[WhiteElo "2651"]
[BlackElo "2692"]
[Annotator ""]
[PlyCount "64"]
[EventDate "2017.??.??"]
[EventType "swiss"]
[EventCountry "UAE"]
[SourceTitle "playchess.com"]
[Source "ChessBase"]
[SourceQuality "1"]
[TimeControl "40/6000+30:20/3000+30:900+30"]

1. e4 c6 2. d4 d5 3. Nc3 dxe4 4. Nxe4 Bf5 5. Ng3 Bg6 6. h4 h6 7. Nf3 Nd7 8. h5
Bh7 9. Bd3 Bxd3 10. Qxd3 e6 11. Bd2 a5 12. O-O-O Bb4 13. Ne4 Ngf6 14. c3 Nxe4
15. Qxe4 Nf6 16. Qe2 Be7 17. g4 Qd5 18. c4 Qe4 19. Qxe4 Nxe4 20. Be3 f5 21.
gxf5 O-O 22. Nh4 exf5 23. Ng6 Rfe8 24. Nxe7+ Rxe7 25. Rh4 Nf6 26. Rf4 Nxh5 27.
Rxf5 Ng3 28. Rf3 Ne4 29. d5 cxd5 {(1:04:41)} 30. Rxd5 {(1:36:09)} a4
{(50)} 31. Kc2 {(33)} Rc8 {(2:51)} 32. b3 {(
02:56)} axb3+ {(34)} 1/2-1/2

[Event "FIDE World Chess Grand Prix 2017"]
[Site "Sharjah"]
[Date "2017.02.26"]
[Round "8"]
[White "Jakovenko, Dmitry"]
[Black "Adams, Michael"]
[Result "1/2-1/2"]
[ECO "C54"]
[WhiteElo "2709"]
[BlackElo "2751"]
[Annotator ""]
[PlyCount "59"]
[EventDate "2017.??.??"]
[EventType "swiss"]
[EventCountry "UAE"]
[SourceTitle "playchess.com"]
[Source "ChessBase"]
[SourceQuality "1"]
[TimeControl "40/6000+30:20/3000+30:900+30"]

1. e4 e5 2. Nf3 Nc6 3. Bc4 Bc5 4. c3 Nf6 5. d3 d6 6. O-O h6 7. Re1 O-O 8. h3 a5
9. Nbd2 Be6 10. Bxe6 fxe6 11. Nf1 a4 12. Be3 Bxe3 13. Rxe3 d5 14. Re1 Nd7 15.
d4 exd4 16. cxd4 Nf6 17. Ng3 dxe4 18. Nxe4 Nxe4 19. Rxe4 Qd5 20. Qe2 Rf6 21. a3
Raf8 22. Qe3 Na5 23. Re1 Nc4 24. Qc3 b5 25. R1e2 c6 26. Qc2 R8f7 27. Qc3 Rf8
28. Qc2 R8f7 29. Qc3 {(1:13:41)} Rf8 {(1:29:42)} 30. Qc2 {(
13)} 1/2-1/2

[Event "FIDE World Chess Grand Prix 2017"]
[Site "Sharjah"]
[Date "2017.02.26"]
[Round "8"]
[White "Li, Chao b"]
[Black "Ding, Liren"]
[Result "1/2-1/2"]
[ECO "D78"]
[WhiteElo "2720"]
[BlackElo "2760"]
[Annotator ""]
[PlyCount "64"]
[EventDate "2017.??.??"]
[EventType "swiss"]
[EventCountry "UAE"]
[SourceTitle "playchess.com"]
[Source "ChessBase"]
[SourceQuality "1"]
[TimeControl "40/6000+30:20/3000+30:900+30"]

1. Nf3 d5 2. g3 g6 3. Bg2 Bg7 4. d4 Nf6 5. O-O O-O 6. c4 c6 7. Qb3 a5 8. cxd5
a4 9. Qd1 cxd5 10. Nc3 Ne4 11. Nd2 Nxc3 12. bxc3 Qa5 13. Ba3 Qxc3 14. Bxe7 Qxd4
15. Rc1 Re8 16. Bc5 Qe5 17. e4 Nd7 18. Ba3 Nf6 19. exd5 Bg4 20. Qc2 Bf5 21. Nc4
Bxc2 22. Nxe5 Be4 23. Bxe4 Nxe4 24. f4 Rad8 25. Rfd1 Nd6 {(1:16:23)} 26.
Bb2 {(1:24:45)} a3 {(8:58)} 27. Bxa3 {(4:07)} Bxe5 {
(4)} 28. fxe5 {(5)} Rxe5 {(2)} 29. Bb4 {
(24)} Rd7 {(6:07)} 30. Bc3 {(2:03)} Re2 {(1:
18)} 31. a4 {(29)} f5 {(16)} 32. Bb4 {(10:40)} Kf7 {
(1:35)} 1/2-1/2

[Event "FIDE World Chess Grand Prix 2017"]
[Site "Sharjah"]
[Date "2017.02.26"]
[Round "8"]
[White "Nepomniachtchi, Ian"]
[Black "Vachier-Lagrave, Maxime"]
[Result "1/2-1/2"]
[ECO "A29"]
[WhiteElo "2749"]
[BlackElo "2796"]
[Annotator ""]
[PlyCount "191"]
[EventDate "2017.??.??"]
[EventType "swiss"]
[EventCountry "UAE"]
[SourceTitle "playchess.com"]
[Source "ChessBase"]
[SourceQuality "1"]
[TimeControl "40/6000+30:20/3000+30:900+30"]

1. c4 e5 2. Nc3 Nf6 3. Nf3 Nc6 4. g3 d5 5. cxd5 Nxd5 6. Bg2 Nb6 7. O-O Be7 8.
d3 O-O 9. a3 Re8 10. b4 a5 11. b5 Nd4 12. Rb1 Bf8 13. Nd2 a4 14. e3 Ne6 15. Nf3
Nc5 16. Nxe5 Rxe5 17. d4 Re8 18. dxc5 Qxd1 19. Rxd1 Bxc5 20. Bb2 Nc4 21. Nd5
Nxb2 22. Rxb2 Bxa3 23. Rc2 Be6 24. Nxc7 Bb3 25. Ra1 Bxc2 26. Rxa3 Bb3 27. Nxa8
Rxa8 28. Bxb7 Rb8 29. Bc6 Kf8 30. b6 Rxb6 31. Bxa4 Bxa4 32. Rxa4 h5 33. Kg2 g6
34. Ra2 Kg7 35. e4 Rb4 36. Kf3 Rb3+ 37. Kg2 Rb4 38. Re2 Kf6 39. Kh3 Kg5 40. f4+
Kf6 41. Kh4 Ra4 42. Kh3 Rb4 43. Kg2 Ra4 44. h3 Ra3 45. h4 Ra4 46. Kf3 Ra3+ 47.
Re3 Ra1 48. Rb3 Kg7 49. Ke3 Ra4 {(1:11:45)} 50. Rd3 {(54:02)} Rb4 {
(30)} 51. Kf3 {(30)} Rb1 {(30)} 52. e5 {(
00:30)} Kf8 {(30)} 53. Ra3 {(30)} Ke7 {(30)} 54.
Ke3 {(30)} Re1+ {(30)} 55. Kf2 {(30)} Re4 {
(30)} 56. Ra6 {(30)} Kf8 {(30)} 57. Ra3 {(
00:30)} Ke7 {(30)} 58. Ra7+ {(30)} Kf8 {(30)} 59.
Ra6 {(30)} Kg7 {(30)} 60. Rd6 {(30)} Ra4 {
(15:30)} 61. f5 {(15:30)} gxf5 {(20)} 62. Rf6 {(
00:06)} Ra2+ {(2)} 63. Kf3 {(27)} Ra3+ {(3)}
64. Kf4 {(25)} Ra4+ {(2)} 65. Kg5 {(53)} Rg4+ {
(4)} 66. Kxh5 {(9)} Rxg3 {(3)} 67. Rxf5 {
(9)} Re3 {(44)} 68. Rg5+ {(43)} Kh7 {(1:
25)} 69. Kg4 {(2:59)} Re1 {(18)} 70. Rf5 {(1:11)} Kg7
{(10)} 71. h5 {(13)} Rg1+ {(3:01)} 72. Kf4 {
(19)} Rf1+ {(5)} 73. Ke4 {(13)} Re1+ {(
01:05)} 74. Kd5 {(51)} Rd1+ {(3:24)} 75. Kc5 {(1:15)}
Ra1 {(1:08)} 76. Rf6 {(4:46)} Rh1 {(1:09)} 77. Rf5 {
(5)} Ra1 {(4)} 78. h6+ {(36)} Kxh6 {(
05)} 79. Rxf7 {(6)} Kg6 {(35)} 80. Rf6+ {(5:37)}
Kg7 {(13)} 81. Kd5 {(28)} Ra5+ {(7)} 82. Ke4 {
(7)} Ra4+ {(1:21)} 83. Kf5 {(12)} Ra7 {(
27)} 84. Rg6+ {(7:20)} Kf8 {(54)} 85. Rh6 {(1:24)}
Kg7 {(1:06)} 86. Rf6 {(2:12)} Rb7 {(1:03)} 87. Rc6 {
(1:50)} Kf7 {(1:05)} 88. Ra6 {(17)} Kf8 {(3:
22)} 89. Rf6+ {(3:06)} Kg7 {(18)} 90. Rg6+ {(3)}
Kf8 {(1:14)} 91. Ra6 {(7)} Kf7 {(19)} 92. Rh6 {
(16)} Kg7 {(10)} 93. Rh3 {(13)} Rb6 {(1:
24)} 94. Rd3 {(8)} Kf7 {(39)} 95. Rd6 {(5)} Rb7
{(2)} 96. Rf6+ {(58)} 1/2-1/2

[Event "FIDE World Chess Grand Prix 2017"]
[Site "Sharjah"]
[Date "2017.02.26"]
[Round "8"]
[White "Riazantsev, Alexander"]
[Black "Tomashevsky, Evgeny"]
[Result "1/2-1/2"]
[ECO "D38"]
[WhiteElo "2671"]
[BlackElo "2711"]
[Annotator ""]
[PlyCount "41"]
[EventDate "2017.??.??"]
[EventType "swiss"]
[EventCountry "UAE"]
[SourceTitle "playchess.com"]
[Source "ChessBase"]
[SourceQuality "1"]
[TimeControl "40/6000+30:20/3000+30:900+30"]

1. d4 Nf6 2. c4 e6 3. Nf3 d5 4. Nc3 Bb4 5. Bg5 h6 6. Bxf6 Qxf6 7. e3 O-O 8. Be2
dxc4 9. O-O Bxc3 10. bxc3 Nc6 11. Bxc4 b6 12. Bd3 Bb7 13. Be4 Qe7 14. Ne5 Nxe5
15. Bxb7 Rab8 16. Be4 Nc4 17. Qe2 Nd6 18. Bc6 Nb7 19. Qa6 {(1:18:27)} Na5
{(1:16:06)} 20. Bf3 {(5)} c5 {(3:31)} 21. dxc5 {
(2:10)} 1/2-1/2

[Event "FIDE World Chess Grand Prix 2017"]
[Site "Sharjah"]
[Date "2017.02.26"]
[Round "8"]
[White "Salem, A R  Saleh"]
[Black "Vallejo Pons, Francisco"]
[Result "1/2-1/2"]
[ECO "C17"]
[WhiteElo "2656"]
[BlackElo "2709"]
[Annotator ""]
[PlyCount "50"]
[EventDate "2017.??.??"]
[EventType "swiss"]
[EventCountry "UAE"]
[SourceTitle "playchess.com"]
[Source "ChessBase"]
[SourceQuality "1"]
[TimeControl "40/6000+30:20/3000+30:900+30"]

1. e4 e6 2. d4 d5 3. Nc3 Bb4 4. e5 c5 5. a3 Ba5 6. b4 cxd4 7. Qg4 Kf8 8. bxa5
dxc3 9. Nf3 Nc6 10. h4 Nge7 11. h5 h6 12. a6 bxa6 13. Bd3 Rb8 14. Be3 Nf5 15.
Bc5+ Kg8 16. Qa4 Qd7 17. Qf4 f6 18. exf6 gxf6 19. g4 e5 20. Qxf5 Qxf5 21. Bxf5
Bxf5 22. gxf5 Rb5 23. Bb4 {(1:22:29)} d4 {(1:34:09)} 24. Rd1 {
(2:10)} Kf7 {(3:33)} 25. Rg1 {(6:16)} a5 1/2-1/2

[Event "FIDE World Chess Grand Prix 2017"]
[Site "Sharjah"]
[Date "2017.02.27"]
[Round "9"]
[White "Ding, Liren"]
[Black "Aronian, Levon"]
[Result "1-0"]
[ECO "A14"]
[WhiteElo "2760"]
[BlackElo "2785"]
[Annotator ""]
[PlyCount "87"]
[EventDate "2017.??.??"]
[EventType "swiss"]
[EventCountry "UAE"]
[SourceTitle "playchess.com"]
[Source "ChessBase"]
[SourceQuality "1"]
[TimeControl "40/6000+30:20/3000+30:900+30"]

1. Nf3 {(0)} Nf6 {(21)} 2. c4 {(0)} e6 {
(7)} 3. g3 {(2)} d5 {(6)} 4. Bg2 {(
04)} Be7 {(7)} 5. O-O {(4)} O-O {(6)} 6. d4 {
(6)} dxc4 {(6)} 7. Qc2 {(5)} a6 {(
06)} 8. a4 {(7)} Bd7 {(4)} 9. Qxc4 {(10)} Bc6 {
(6)} 10. Bf4 {(14)} Bd6 {(8)} 11. Qc1 {(
00:06)} a5 {(8)} 12. Nc3 {(2:59)} Na6 {(14)} 13.
Bd2 {(9)} Nb4 {(1:52)} 14. Qb1 {(6)} Bxf3 {
(1:55)} 15. Bxf3 {(5)} c6 {(6)} 16. Rd1 {(
03:31)} Qe7 {(32)} 17. Ne4 {(8:16)} Nxe4 {(2:11)} 18.
Qxe4 {(5)} Rfd8 {(3:07)} 19. Bc3 {(13:21)} Rd7 {
(3:36)} 20. Rd2 {(51)} Qd8 {(1:29)} 21. Rad1 {
(5:29)} Be7 {(9:08)} 22. h4 {(3:40)} Rb8 {(7:
08)} 23. e3 {(2:57)} Nd5 {(3:02)} 24. Qc2 {(1:34)} Qc7
{(1:32)} 25. Kg2 {(1:23)} g6 {(4:08)} 26. h5 {(
01:31)} Bf8 {(1:22)} 27. e4 {(6:32)} Nb4 {(5:15)} 28.
Qb3 {(55)} c5 {(3:57)} 29. dxc5 {(1:48)} Rxd2 {
(7)} 30. Rxd2 {(3)} Qxc5 {(11:06)} 31. Rd7 {
(53)} b5 {(29)} 32. axb5 {(6:04)} Qxb5 {(
18)} 33. Qd1 {(21)} Nc6 {(3:21)} 34. Be2 {(14:40)} Qb6
{(2:57)} 35. Bc4 {(6:16)} Rb7 {(3:20)} 36. b3 {(
07:55)} Qa7 {(4:19)} 37. Rd6 {(2:46)} Bxd6 {(2:44)} 38.
Qxd6 {(4)} Qb6 {(21)} 39. Qf4 {(7:40)} Kf8 {
(11:28)} 40. Bxe6 {(0)} Nb4 {(2:05)} 41. Qf6 {
(14:14)} Nd3 {(9:02)} 42. Bd4 {(13)} Qd6 {(
22)} 43. Be3 {(5:19)} Ne1+ {(7:28)} 44. Kf1 {(7:19)}
1-0